 Dungeon Crawl Stone Soup version 0.20.1-1-g8b1a95d (webtiles) character file.

298 keltmir the Chopper (level 6, -4/53 HPs)
             Began as a Hill Orc Fighter on Oct 27, 2017.
             Killed from afar by Irenicus's ghost (7 damage)
             ... with a blast of sand
             ... on level 4 of the Dungeon.
             The game lasted 00:10:26 (2157 turns).

keltmir the Chopper (Hill Orc Fighter)              Turns: 2157, Time: 00:10:27

Health: -4/53      AC: 11    Str: 21    XL:     6   Next: 35%
Magic:  6/6        EV:  7    Int:  8    God:
Gold:   141        SH:  9    Dex: 10    Spells: 5/5 levels left

rFire    . . .     SeeInvis .   a - +1 war axe
rCold    . . .     Gourm    .   c - +0 shield
rNeg     . . .     Faith    .   b - +0 scale mail
rPois    .         Spirit   .   (no helmet)
rElec    .         Reflect  .   (no cloak)
rCorr    .         Harm     .   (no gloves)
MR       .....                  (no boots)
Stlth    ..........             (no amulet)
Regen    0.2/turn               j - +5 ring of protection
MPRegen  0.1/turn               (no ring)

@: no status effects
A: no striking features
a: no special abilities


You were on level 4 of the Dungeon.
You were not hungry.

You visited 1 branch of the dungeon, and saw 4 of its levels.

You collected 141 gold pieces.

Inventory:

Hand Weapons
 a - a +1 war axe (weapon)
Armour
 b - a +0 scale mail (worn)
 c - a +0 shield (worn)
Jewellery
 j - a +5 ring of protection (left hand)
Scrolls
 e - 2 scrolls of remove curse
 g - a scroll of amnesia
 i - a scroll of immolation
Potions
 d - a potion of might
 k - a potion of mutation {unknown}
 q - 2 potions of heal wounds {unknown}
Comestibles
 f - 2 bread rations
 h - a royal jelly
 l - 5 fruits


   Skills:
 * Level 4.7 Fighting
 * Level 7.5 Axes
 + Level 3.4 Armour
 - Level 0.5 Dodging
 - Level 3.4 Shields


You had 5 spell levels left.
You didn't know any spells.

Dungeon Overview and Level Annotations

Branches:
Dungeon (4/15)
 Temple: D:4-7

Altars:
Cheibriados
Dithmenos
Elyvilon
Fedhas
Nemelex Xobeh

Annotations:
D:4 Irenicus's ghost, amateur DDEE


Message History

Irenicus's ghost is lightly damaged.
Irenicus's ghost gestures at you while chanting.
The stone arrow hits you!
You barely miss Irenicus's ghost.
Irenicus's ghost is lightly damaged.
Irenicus's ghost points at you and mumbles some strange words.
The blast of sand hits you!
You slash Irenicus's ghost!
Irenicus's ghost is moderately damaged.
Irenicus's ghost hits you.
Irenicus's ghost hits you but does no damage.
Irenicus's ghost gestures at you while chanting.
The blast of sand misses you. Irenicus's ghost casts a spell at you.
The stone arrow hits you!
* * * LOW HITPOINT WARNING * * *
Irenicus's ghost whispers, "There is no future for you."
Irenicus's ghost points at you and mumbles some strange words.
The blast of sand hits you!
You die...

#...#
#.#.####
#.#....#
#..###.#
##..##.#
##W##.#
#..#.####
#.......#
#@......#
#....)).#
#....)..#
#.......#
#......<#
#.......#
#.......#
#.......#
#########


You could see Irenicus's ghost.

Vanquished Creatures
  Menkaure (D:4)
  An orc priest (D:4)
  A worker ant (D:3)
  3 adders
  2 gnolls
  An ooze (D:2)
  2 worms (D:2)
  A dart slug (D:1)
  2 orcs (D:4)
  8 bats
  5 giant cockroaches
  7 goblins
  8 hobgoblins
  5 jackals
  6 kobolds
  2 quokkas (D:3)
  2 ball pythons
  7 frilled lizards
  5 rats
69 creatures vanquished.

Vanquished Creatures (others)
  A bat (D:2)
  A giant cockroach (D:2)
2 creatures vanquished.

Grand Total: 71 creatures vanquished

Notes
Turn   | Place    | Note
-------+----------+-------------------------------------------
     0 | D:1      | keltmir the Hill Orc Fighter began the quest for the Orb.
     0 | D:1      | Reached XP level 1. HP: 19/19 MP: 1/1
   130 | D:1      | Reached skill level 3 in Axes
   132 | D:1      | Reached XP level 2. HP: 27/27 MP: 2/2
   308 | D:1      | Reached skill level 4 in Axes
   308 | D:1      | Reached XP level 3. HP: 31/33 MP: 3/3
   606 | D:2      | Found a white marble altar of Elyvilon.
   822 | D:2      | Reached skill level 5 in Axes
   822 | D:2      | Reached XP level 4. HP: 40/40 MP: 4/4
   832 | D:2      | Found a blossoming altar of Fedhas.
  1331 | D:3      | Found a shadowy altar of Dithmenos.
  1521 | D:3      | Reached XP level 5. HP: 43/47 MP: 5/5
  1525 | D:3      | Reached skill level 6 in Axes
  1852 | D:3      | Found a sparkling altar of Nemelex Xobeh.
  2070 | D:4      | Found a snail-covered altar of Cheibriados.
  2079 | D:4      | Noticed Menkaure
  2093 | D:4      | Killed Menkaure
  2093 | D:4      | Reached skill level 7 in Axes
  2093 | D:4      | Reached XP level 6. HP: 31/53 MP: 6/6
  2134 | D:4      | Noticed Irenicus's ghost (amateur DDEE)
  2157 | D:4      | Killed from afar by Irenicus's ghost

Skill      XL: |  1  2  3  4  5 |
---------------+----------------+-----
Axes           | 3 4 5 7 |  7.5
Fighting       | 4 |  4.7
Armour         | |  3.4
Dodging        | |  0.5
Shields        | |  3.4

Action                   |  1- 3 |  4- 6 || total
-------------------------+-------+-------++-------
Melee: War axe           |    85 |    98 ||   183
Throw: Throwing net      |       |     1 ||     1
  Use: Scroll            |     5 |     2 ||     7
       Potion            |       |     1 ||     1
  Eat: Chunk             |       |     4 ||     4
Armor: Scale mail        |    43 |    52 ||    95
Dodge: Dodged            |    43 |    25 ||    68
Block: Shield            |    56 |    41 ||    97
